[Event "Early-Titled-Tuesday-Blitz-January-16-2024"]
[Site "Chess.com"]
[Date "2024.01.16"]
[Round "2"]
[White "UnTucopalaTimba"]
[Black "crazy_m_attack"]
[Result "0-1"]
[WhiteElo "2015"]
[BlackElo "2443"]
[TimeControl "180+1"]
[EndTime "8:15:03 PST"]
[Termination "crazy_m_attack won by resignation"]

1. e4 e5 2. Nf3 Nc6 3. Bb5 a6 4.
Ba4 Nf6 5. O-O Be7 6. Re1 b5 7. Bb3 O-O 8. c3 d5 9. exd5 Nxd5 10. Nxe5 Nxe5 11. Rxe5 c6 12. d4 Bd6 13. Re1 Qh4 14.
g3 Qh3 15. Qe2 Bg4 16. Qf1 Qh5 17. Nd2 Rae8 18. Bxd5 cxd5 19. b3 Bh3 20. Rxe8 Rxe8 21. Bb2 Bxf1 22. Rxf1 Re2 23. Bc1 h6 24. a4 Qf5 25.
axb5 axb5 26. Kg2 Qc2 27. Nf3 Qxc3 0-1

[Event "Early-Titled-Tuesday-Blitz-January-16-2024"]
[Site "Chess.com"]
[Date "2024.01.16"]
[Round "2"]
[White "biostatistician"]
[Black "K_A_S_T_O_R"]
[Result "1-0"]
[WhiteElo "2616"]
[BlackElo "2900"]
[TimeControl "180+1"]
[EndTime "8:15:05 PST"]
[Termination "biostatistician won by resignation"]

1. d4 Nf6 2. Nf3 e6 3. c4 c5 4.
d5 d6 5. Nc3 exd5 6. cxd5 g6 7.
e4 a6 8. Qe2 Bg4 9. e5 Bxf3 10.
gxf3 dxe5 11. Qxe5+ Qe7 12. Bf4 Nbd7 13. Qxe7+ Bxe7 14. d6 Bd8 15. O-O-O b5 16. Re1+ Kf8 17. Bh6+ Kg8 18. Bh3 Ba5 19. Re7 Bxc3 20. bxc3 Rd8 21. Rhe1 Nf8 22. d7 N6xd7 23. Bxd7 1-0

[Event "Early-Titled-Tuesday-Blitz-January-16-2024"]
[Site "Chess.com"]
[Date "2024.01.16"]
[Round "2"]
[White "abelmat"]
[Black "ahmedkandiliii"]
[Result "0-1"]
[WhiteElo "2075"]
[BlackElo "2453"]
[TimeControl "180+1"]
[EndTime "8:15:05 PST"]
[Termination "ahmedkandiliii won by checkmate"]

1. d4 Nf6 2. c4 g6 3. Nc3 d5 4. Nf3 Bg7 5. g3 O-O 6. Bg2 c6 7. O-O dxc4 8. Ne5 b5 9. Nxc6 Nxc6 10. Bxc6 Bh3 11. Bxa8 Qxa8 12. f3 b4 13. Na4 Rd8 14.
Rf2 e5 15. e3 exd4 16. exd4 Ng4 17. fxg4 Bxd4 18. Qe2 Qg2# 0-1

[Event "Early-Titled-Tuesday-Blitz-January-16-2024"]
[Site "Chess.com"]
[Date "2024.01.16"]
[Round "2"]
[White "ValentinDragnev"]
[Black "SergioMoralesG"]
[Result "1-0"]
[WhiteElo "2766"]
[BlackElo "2436"]
[TimeControl "180+1"]
[EndTime "8:15:07 PST"]
[Termination "ValentinDragnev won by resignation"]

1. e4 c5 2. Nc3 Nc6 3. Nge2 e6 4. d4 cxd4 5. Nxd4 Qc7 6. Ncb5 Qb8 7. Bd3 a6 8. Nxc6 bxc6 9. Nd4 Nf6 10. O-O d5 11. Nxc6 Qc7 12. exd5 Nxd5 13. Nd4 Bd6 14. Qh5 Nb4 15. Be4 Rb8 16. c3 Qc5 17. Qxc5 Bxc5 18. Nb3 1-0

[Event "Early-Titled-Tuesday-Blitz-January-16-2024"]
[Site "Chess.com"]
[Date "2024.01.16"]
[Round "2"]
[White "elpatodice"]
[Black "Witik"]
[Result "0-1"]
[WhiteElo "2403"]
[BlackElo "2777"]
[TimeControl "180+1"]
[EndTime "8:15:07 PST"]
[Termination "Witik won by resignation"]

1. e4 e5 2. Nf3 Nc6 3. Bc4 Nf6 4.
d3 Bc5 5. c3 d6 6. Nbd2 a6 7. Bb3 Ba7 8. O-O O-O 9. Re1 Ne7 10.
Nf1 Ng6 11. Ng3 Re8 12. h3 h6 13. d4 Be6 14. Bc2 c5 15. d5 Bd7 16. c4 b5 17. b3 Bb6 18. Bd2 Ba5 19. Qc1 Bxd2 20.
Qxd2 Rb8 21. Rab1 Nf4 22. Ne2 N6h5 23. Nc3 Qf6 24. Nh2 Qg5 0-1

[Event "Early-Titled-Tuesday-Blitz-January-16-2024"]
[Site "Chess.com"]
[Date "2024.01.16"]
[Round "2"]
[White "Gabrielian_Artur"]
[Black "Russian_berezka"]
[Result "1-0"]
[WhiteElo "2800"]
[BlackElo "2545"]
[TimeControl "180+1"]
[EndTime "8:15:08 PST"]
[Termination "Gabrielian_Artur won by resignation"]

1. e4 c5 2. Nf3 Nf6 3. e5 Nd5 4. Nc3 e6 5. Nxd5 exd5 6. d4 Nc6 7. dxc5 Bxc5 8. Qxd5 Qb6 9. Bc4 Bxf2+ 10. Kf1 O-O 11. Qe4 d5 12. exd6 Bd7 13. Ng5 g6 14. Qf3 Ne5 15.
Qxf2 Qxf2+ 16. Kxf2 Nxc4 17. b3 Ne5 18. Re1 f6 19. Ne4 Bc6 20. Bb2 Rad8 21. Rad1 Rf7 22. Kg3 Rfd7 23. Nxf6+ 1-0

[Event "Early-Titled-Tuesday-Blitz-January-16-2024"]
[Site "Chess.com"]
[Date "2024.01.16"]
[Round "2"]
[White "chenrip"]
[Black "Iskusnyh"]
[Result "0-1"]
[WhiteElo "2375"]
[BlackElo "2652"]
[TimeControl "180+1"]
[EndTime "8:15:15 PST"]
[Termination "Iskusnyh won by resignation"]

1. e4 e6 2. d4 d5 3. Nc3 Nf6 4. Bg5 dxe4 5. Nxe4 Nbd7 6. c3 h6 7. Bxf6 Nxf6 8. Bd3 Nxe4 9. Bxe4 c5 10. Nf3 Be7 11. O-O O-O 12. Qb3 Qc7 13. Rad1 Rb8 14. Rfe1 cxd4 15. Nxd4 Bd7 16. Bb1 Rbd8 17. Qc2 g6 18.
Nxe6 Bxe6 19. Rxd8 Bxd8 20. Rxe6 fxe6 21. Qxg6+ Qg7 22.
Qxe6+ Kh8 23. g3 Bb6 24. Kh1 Rxf2 25. Be4 Rf6 26. Qe8+ Rf8 27. Qe6 Qf6 0-1

[Event "Early-Titled-Tuesday-Blitz-January-16-2024"]
[Site "Chess.com"]
[Date "2024.01.16"]
[Round "2"]
[White "Duhless"]
[Black "Mops_2004"]
[Result "1-0"]
[WhiteElo "3151"]
[BlackElo "2667"]
[TimeControl "180+1"]
[EndTime "8:15:23 PST"]
[Termination "Duhless won by resignation"]

1. d4 d5 2. Nf3 Nf6 3. Bg5 Ne4 4. Bh4 h5 5. h3 Rg8 6. Nbd2 g5 7. Nxe4 gxh4 8. Nc3 e6 9. e4 Bb4 10. Ne5 Nd7 11.
Qxh5 Nxe5 12. Qxe5 Bd6 13. Qh5 Qg5 14. Qxg5 Rxg5 15. Be2 dxe4 16. Nxe4 Rxg2 17. Nxd6+ cxd6 18. Bg4 1-0

[Event "Early-Titled-Tuesday-Blitz-January-16-2024"]
[Site "Chess.com"]
[Date "2024.01.16"]
[Round "2"]
[White "stratacticos"]
[Black "Flaccidmoves"]
[Result "0-1"]
[WhiteElo "1970"]
[BlackElo "2437"]
[TimeControl "180+1"]
[EndTime "8:15:23 PST"]
[Termination "Flaccidmoves won by resignation"]

1. e4 Nf6 2. e5 Nd5 3. c4 Nb6 4. c5 Nd5 5. Bc4 e6 6. Nc3 d6 7. cxd6 cxd6 8. Nf3 dxe5 9. Nxe5 Bd6 10. Bb5+ Nd7 11. d4 O-O 12. Nxd7 Bxd7 13. Bd3 Qh4 14. g3 Qh3 15. Qf3 Bc6 16. Bd2 Nxc3 0-1

[Event "Early-Titled-Tuesday-Blitz-January-16-2024"]
[Site "Chess.com"]
[Date "2024.01.16"]
[Round "2"]
[White "Martial2008"]
[Black "AndresDelgado77"]
[Result "1-0"]
[WhiteElo "2730"]
[BlackElo "2377"]
[TimeControl "180+1"]
[EndTime "8:15:32 PST"]
[Termination "Martial2008 won by checkmate"]

1. d4 Nf6 2. Nf3 c5 3. d5 b5 4. e4 Nxe4 5. Bd3 Nd6 6. Bf4 Qb6 7. O-O Bb7 8. Bxd6 Qxd6 9. Bxb5 Qxd5 10. Qe2 Qe4 11. Qd1 Nc6 12. Nc3 Qg6 13. Nd5 Rc8 14. Re1 Nd4 15. Bxd7+ Kd8 16. Nxd4 Bxd5 17. Nc6+ Rxc6 18.
Qxd5 Rd6 19. Qb7 Rxd7 20. Qb8# 1-0

[Event "Early-Titled-Tuesday-Blitz-January-16-2024"]
[Site "Chess.com"]
[Date "2024.01.16"]
[Round "2"]
[White "Mistango"]
[Black "Felix-Rose"]
[Result "1-0"]
[WhiteElo "2493"]
[BlackElo "2206"]
[TimeControl "180+1"]
[EndTime "8:15:35 PST"]
[Termination "Mistango won on time"]

1. e4 e5 2. Nf3 Nc6 3. d4 exd4 4. Nxd4 Nf6 5. Nxc6 bxc6 6. Nc3 d5 7. Bd3 Bb4 8. e5 Ng4 9. Bf4 Bc5 10. O-O g5 11. Bg3 h5 12. Be2 h4 13. Bxg4 hxg3 14. hxg3 Ba6 15. Na4 Bxf1 16. Nxc5 Bb5 17. a4 Qe7 18. Qd4 Bc4 19. b3 1-0

[Event "Early-Titled-Tuesday-Blitz-January-16-2024"]
[Site "Chess.com"]
[Date "2024.01.16"]
[Round "2"]
[White "Grandelicious"]
[Black "Roedor"]
[Result "1-0"]
[WhiteElo "2936"]
[BlackElo "2419"]
[TimeControl "180+1"]
[EndTime "8:15:38 PST"]
[Termination "Grandelicious won by resignation"]

1. g3 g6 2. Bg2 Bg7 3. d4 Nf6 4. e4 O-O 5. Nc3 c5 6. dxc5 Na6 7. Be3 Qa5 8. a3 Ng4 9. Bd2 d6 10.
h3 Ne5 11. cxd6 exd6 12. Nd5 Qd8 13. Bc3 Be6 14. Ne2 Qd7 15. f4 Nc6 16. Nf6+ Bxf6 17. Bxf6 Rfe8 18. f5 gxf5 19. Qd2 Ne7 20. Qh6 1-0

[Event "Early-Titled-Tuesday-Blitz-January-16-2024"]
[Site "Chess.com"]
[Date "2024.01.16"]
[Round "2"]
[White "BardArtem"]
[Black "doctorcristian"]
[Result "0-1"]
[WhiteElo "2789"]
[BlackElo "2564"]
[TimeControl "180+1"]
[EndTime "8:15:39 PST"]
[Termination "doctorcristian won by resignation"]

1. e4 e6 2. d4 d5 3. Nc3 Bb4 4. Ne2 Ne7 5. a3 Ba5 6. b4 Bb6 7. Bb2 O-O 8. g3 a5 9. Bg2 axb4 10. axb4 Rxa1 11. Bxa1 Nbc6 12. b5 Na5 13. O-O Nc4 14. Nf4 c6 15. Re1 Ba5 16. Re2 Ng6 17. Nxg6 hxg6 18.
e5 Bd7 19. bxc6 Bxc6 20. Nb1 Qb6 21. Bc3 Ra8 22. h4 Bxc3 23. Nxc3 Qb4 24. Qe1 Qb2 25. Nd1 Qxd4 26. Ne3 Ra1 0-1

[Event "Early-Titled-Tuesday-Blitz-January-16-2024"]
[Site "Chess.com"]
[Date "2024.01.16"]
[Round "2"]
[White "jefferyx"]
[Black "AlexPapasimakopoulos"]
[Result "1-0"]
[WhiteElo "3026"]
[BlackElo "2639"]
[TimeControl "180+1"]
[EndTime "8:15:40 PST"]
[Termination "jefferyx won by checkmate"]

1. e4 e6 2. d4 d5 3. e5 c5 4. c3 Nc6 5. Nf3 Bd7 6. Be2 f6 7. O-O fxe5 8. Nxe5 Nxe5 9. dxe5 Qc7 10.
f4 Nh6 11. Nd2 Be7 12. Nf3 Nf7 13. Bd3 O-O-O 14. Be3 g5 15. Nxg5 Nxg5 16. fxg5 Qxe5 17. Bf4 Qg7 18. Qe2 Bxg5 19. Be5 Qh6 20. Bxh8 Rxh8 21. Qe5 Rg8 22. Rf7 Bd8 23. Qd6 Qe3+ 24. Kh1 Bc6 25.
Ba6 Ba4 26. Bxb7# 1-0

[Event "Early-Titled-Tuesday-Blitz-January-16-2024"]
[Site "Chess.com"]
[Date "2024.01.16"]
[Round "2"]
[White "Statham_01"]
[Black "the_blue_pill"]
[Result "1-0"]
[WhiteElo "2546"]
[BlackElo "2317"]
[TimeControl "180+1"]
[EndTime "8:15:41 PST"]
[Termination "Statham_01 won by resignation"]

1. e4 g6 2. d4 Bg7 3. Nc3 d6 4. Be3 a6 5. g4 b5 6. Bg2 Bb7 7.
h4 h5 8. gxh5 Rxh5 9. Bf3 Rh8 10. h5 gxh5 11. Rxh5 Rxh5 12. Bxh5 Nf6 13. Nh3 b4 14. Ng5 bxc3 15. Bxf7+ Kd7 16. Be6+ Ke8 17. Nh7 1-0

[Event "Early-Titled-Tuesday-Blitz-January-16-2024"]
[Site "Chess.com"]
[Date "2024.01.16"]
[Round "2"]
[White "Barmen_EV"]
[Black "LaPiToB"]
[Result "1-0"]
[WhiteElo "2542"]
[BlackElo "2305"]
[TimeControl "180+1"]
[EndTime "8:15:41 PST"]
[Termination "Barmen_EV won by resignation"]

1. e4 c6 2. d4 d5 3. e5 Bf5 4. h4 h5 5. Bg5 Qa5+ 6. c3 e6 7.
Bd3 Bxd3 8. Qxd3 c5 9. Nd2 cxd4 10. cxd4 Qa6 11. Qf3 Nc6 12. Ne2 Nge7 13. O-O Nf5 14. Nb3 Rc8 15. Rfd1 b6 16. Ng3 g6 17. Bf6 Rg8 18.
Nxf5 gxf5 19. Qxh5 Rg4 20. Rac1 Nb4 21. Rxc8+ Qxc8 22. Rc1 Qa6 23. Rc7 1-0

[Event "Early-Titled-Tuesday-Blitz-January-16-2024"]
[Site "Chess.com"]
[Date "2024.01.16"]
[Round "2"]
[White "Hamisandwich"]
[Black "FredddieCroderg"]
[Result "1-0"]
[WhiteElo "2722"]
[BlackElo "2354"]
[TimeControl "180+1"]
[EndTime "8:15:53 PST"]
[Termination "Hamisandwich won by resignation"]

1. c3 e5 2. d4 exd4 3. cxd4 d5 4.
Nf3 Nf6 5. Bg5 Bg4 6. Qb3 Bxf3 7. gxf3 Nbd7 8. Nc3 c6 9. Qxb7 Rb8 10. Qxc6 Rxb2 11. Bh3 Bb4 12. Bxf6 gxf6 13. O-O Bxc3 14. Qxc3 Rxe2 15.
Rfe1 Rxe1+ 16. Rxe1+ Kf8 17. Qa3+ Kg7 18. Qxa7 Nb6 19.
Re7 Rf8 20. Be6 Kh6 21. Rxf7 Rxf7 22. Qxf7 Kg5 23. Qg7+ Kh5 24. Bf7+ 1-0

[Event "Early-Titled-Tuesday-Blitz-January-16-2024"]
[Site "Chess.com"]
[Date "2024.01.16"]
[Round "2"]
[White "A-Fier"]
[Black "tactic"]
[Result "1-0"]
[WhiteElo "2808"]
[BlackElo "2550"]
[TimeControl "180+1"]
[EndTime "8:16:00 PST"]
[Termination "A-Fier won by resignation"]

1. b3 c5 2. Bb2 Nc6 3. e4 e5 4.
Bc4 Nf6 5. f4 exf4 6. e5 Qe7 7.
Nf3 d5 8. Bb5 Bd7 9. O-O Nh5 10.
Nc3 Nb4 11. a3 Bxb5 12. Nxb5 Qd7 13. Nd6+ Bxd6 14. exd6 Nc6 15. Ne5 Nxe5 16. Qxh5 Ng6 17. Rae1+ Kf8 18. Qxd5 Rc8 19. Re4 Rc6 20. Rfe1 Kg8 21.
Re8+ Nf8 22. Qg5 f6 23. R1e7 fxg5 24. Rxd7 1-0

[Event "Early-Titled-Tuesday-Blitz-January-16-2024"]
[Site "Chess.com"]
[Date "2024.01.16"]
[Round "2"]
[White "jup1978"]
[Black "JiiHart"]
[Result "1-0"]
[WhiteElo "2468"]
[BlackElo "2149"]
[TimeControl "180+1"]
[EndTime "8:16:07 PST"]
[Termination "jup1978 won by resignation"]

1. e4 c5 2. Nf3 Nc6 3. Bb5 g6 4. Bxc6 dxc6 5. d3 Bg7 6. h3 h6 7.
Nc3 Be6 8. Be3 Qa5 9. O-O Rd8 10. Qe1 Qc7 11. Qc1 Bc8 12. Bxc5 b6 13. Be3 e5 14. Rd1 Ne7 15. d4 exd4 16. Bxd4 O-O 17. Bxg7 Kxg7 18. Qe3 c5 19. Nd5 Nxd5 20. exd5 Bf5 21. c4 Rfe8 22. Qc3+ Kg8 23. Re1 Qf4 24. Ne5 Be4 25. Ng4 Rd6 26. f3 h5 27. Nf2 1-0

[Event "Early-Titled-Tuesday-Blitz-January-16-2024"]
[Site "Chess.com"]
[Date "2024.01.16"]
[Round "2"]
[White "Cambek64"]
[Black "DonkyDonkyDonkey"]
[Result "0-1"]
[WhiteElo "2441"]
[BlackElo "2758"]
[TimeControl "180+1"]
[EndTime "8:16:08 PST"]
[Termination "DonkyDonkyDonkey won by resignation"]

1. b3 e5 2. Bb2 Nc6 3. e3 e4 4. c4 Nf6 5. d3 exd3 6. Bxd3 d5 7. cxd5 Qxd5 8. Nf3 Bg4 9. Nc3 Qh5 10. Ne4 Bb4+ 11. Ke2 O-O-O 12. Nxf6 gxf6 13. Bxf6 Ne5 14. Bxe5 Qxe5 15.
Qc2 Rxd3 16. Qxd3 Qb2+ 17. Kf1 Qxa1+ 18. Ke2 Qxh1 19. Qc4 Bxf3+ 20. gxf3 Rd8 0-1

[Event "Early-Titled-Tuesday-Blitz-January-16-2024"]
[Site "Chess.com"]
[Date "2024.01.16"]
[Round "2"]
[White "PapaieDudu"]
[Black "jcibarra"]
[Result "0-1"]
[WhiteElo "2413"]
[BlackElo "2859"]
[TimeControl "180+1"]
[EndTime "8:16:11 PST"]
[Termination "jcibarra won by resignation"]

1. e4 c5 2. Nf3 e6 3. d4 cxd4 4. c3 Nf6 5. e5 Nd5 6. cxd4 d6 7.
Nc3 Nxc3 8. bxc3 Qc7 9. exd6 Bxd6 10. Qc2 Nd7 11. Bd3 b6 12. O-O Bb7 13. Be4 Bxe4 14. Qxe4 O-O 15. a4 Nf6 16. Qh4 Qxc3 17. Bg5 Nd5 18. Nd2 f6 19. Ne4 fxg5 20. Nxg5 Qd3 21. Nxe6 Rf6 22. Ng5 Rh6 23. Qg4 Bxh2+ 24. Kh1 Bf4+ 25.
Kg1 Qg6 26. Rac1 Bxc1 27. Rxc1 Rf8 28. f4 Nxf4 29. Rc8 Ne2+ 30. Qxe2 Qb1+ 0-1

[Event "Early-Titled-Tuesday-Blitz-January-16-2024"]
[Site "Chess.com"]
[Date "2024.01.16"]
[Round "2"]
[White "otrov-11"]
[Black "ilqar_74"]
[Result "0-1"]
[WhiteElo "2463"]
[BlackElo "2823"]
[TimeControl "180+1"]
[EndTime "8:16:12 PST"]
[Termination "ilqar_74 won by resignation"]

1. d4 Nf6 2. c4 e6 3. g3 d5 4.
Nf3 Be7 5. Bg2 O-O 6. O-O dxc4 7. Qc2 a6 8. a4 Nc6 9. Qxc4 Na5 10. Qc2 b6 11.
Nc3 Bb7 12. Rd1 Rc8 13. Bg5 h6 14. Bxf6 Bxf6 15. b4 Nc6 16. Qb3 Qe7 17. d5 Qxb4 18.
Qc2 Qxc3 19. Qxc3 Bxc3 20. Rac1 exd5 21. Rxc3 Ne7 22. Rb1 Rfd8 23. Bh3 f5 24. Nd4 g6 25. Ne6 Rd7 26. Nc5 bxc5 27. Rxb7 c4 28. e3 Kf7 29. Ra7 Rd6 30. Bf1 Ke6 31. f3 Ke5 32. Rb7 Rb6 33. Ra7 Nc6 0-1

[Event "Early-Titled-Tuesday-Blitz-January-16-2024"]
[Site "Chess.com"]
[Date "2024.01.16"]
[Round "2"]
[White "KanalSzachowy"]
[Black "Caroexpert"]
[Result "0-1"]
[WhiteElo "2311"]
[BlackElo "2546"]
[TimeControl "180+1"]
[EndTime "8:16:12 PST"]
[Termination "Caroexpert won by resignation"]

1. e4 c6 2. d4 d5 3. f3 e6 4. Nc3 Bb4 5. a3 Bxc3+ 6. bxc3 Nf6 7. e5 Nfd7 8. f4 b6 9. Nf3 Ba6 10. Bd3 c5 11. O-O Bxd3 12. Qxd3 Nc6 13. f5 c4 14. Qe2 exf5 15. Nh4 Qxh4 16. e6 Nf6 17. exf7+ Kxf7 18. Rxf5 Rhe8 19. Be3 Qe4 20. Qh5+ Kg8 21. Rxf6 gxf6 22. Bh6 Qg6 23. Qh4 Re2 24. g3 Rae8 25. Rf1 R8e6 26.
Qf4 R2e4 27. Qc1 f5 28. Bf4 Nd8 29. Qb1 Nf7 30. Qb5 Ng5 31. Qd7 Nh3+ 32. Kh1 Nxf4 33. gxf4 Re1 34. Qd8+ Kg7 35. Qd7+ Re7 36. Rxe1 Rxd7 37.
Rg1 0-1

[Event "Early-Titled-Tuesday-Blitz-January-16-2024"]
[Site "Chess.com"]
[Date "2024.01.16"]
[Round "2"]
[White "Glaive_64"]
[Black "Hongjin"]
[Result "1-0"]
[WhiteElo "2362"]
[BlackElo "2600"]
[TimeControl "180+1"]
[EndTime "8:16:13 PST"]
[Termination "Glaive_64 won by resignation"]

1. Nf3 Nf6 2. g3 g6 3. Bg2 Bg7 4. O-O O-O 5. d3 d6 6. Nbd2 c6 7.
h3 Qa5 8. e4 Qh5 9. Kh2 Bg4 10.
Qe1 Nbd7 11. Nd4 Bxh3 12. Bxh3 Ng4+ 13. Kg2 Bxd4 14. Nf3 Bg7 15. Rh1 e5 16. Ng5 f5 17.
Bxg4 Qxg4 18. Rh4 Qxh4 19. gxh4 Rae8 20. f3 Nf6 21. Bd2 Nh5 22. Nh3 Bf6 23. Bg5 Bxg5 24.
hxg5 fxe4 25. fxe4 Rf7 26. Qe2 Ref8 27. Rg1 Kg7 28. Kh2 Rf3 29. Qd2 R8f7 30. Rg2 Kg8 31. Rf2 d5 32. Rxf3 Rxf3 33. Kg2 Rf7 34. Qb4 d4 35. Qd6 1-0

[Event "Early-Titled-Tuesday-Blitz-January-16-2024"]
[Site "Chess.com"]
[Date "2024.01.16"]
[Round "2"]
[White "01Roman"]
[Black "SujanaLohani"]
[Result "1-0"]
[WhiteElo "2441"]
[BlackElo "1988"]
[TimeControl "180+1"]
[EndTime "8:16:15 PST"]
[Termination "01Roman won by resignation"]

1. Nf3 c5 2. c4 Nc6 3. d4 cxd4 4.
Nxd4 Nf6 5. Nc3 e6 6. g3 Bc5 7.
Nb3 Be7 8. Bg2 O-O 9. O-O b6 10. Bf4 Bb7 11. Rc1 Rc8 12. Bd6 Bxd6 13. Qxd6 Qc7 14.
Nb5 Qxd6 15. Nxd6 Rc7 16. c5 Ne8 17. Rfd1 Nxd6 18. Rxd6 Ne5 19. Bxb7 Rxb7 20. f4 Nc6 21. Rcd1 Rd8 22. Rxc6 Kf8 23. Rcd6 Ke7 24. c6 Rc7 25.
Rxd7+ Rcxd7 26. Rxd7+ Rxd7 27. cxd7 Kxd7 28. e4 Kc6 29.
Kf2 a5 30. Ke3 Kb5 31. Kd3 Kb4 32. Nd4 a4 33. Nc6+ Kc5 34. Nd8 b5 35. Nxf7 b4 36. Ng5 1-0

[Event "Early-Titled-Tuesday-Blitz-January-16-2024"]
[Site "Chess.com"]
[Date "2024.01.16"]
[Round "2"]
[White "baki83"]
[Black "Perecke"]
[Result "1-0"]
[WhiteElo "2859"]
[BlackElo "2572"]
[TimeControl "180+1"]
[EndTime "8:16:19 PST"]
[Termination "baki83 won by resignation"]

1. e4 c5 2. Nf3 e6 3. c3 d5 4.
exd5 Qxd5 5. d4 Nc6 6. Na3 cxd4 7. Nb5 Qd7 8. Bf4 e5 9. Nxe5 Qe7 10. Qe2 Nxe5 11.
Qxe5 Kd8 12. O-O-O Qxe5 13. Bxe5 Bd7 14. Bxd4 a6 15. Bb6+ Kc8 16. Nc7 Rb8 17. Nxa6 Ra8 18. Nc7 Rxa2 19. Kb1 Ba4 20. Re1 Bb3 21. Re8+ Kd7 22.
Bb5+ 1-0

[Event "Early-Titled-Tuesday-Blitz-January-16-2024"]
[Site "Chess.com"]
[Date "2024.01.16"]
[Round "2"]
[White "m_ezat"]
[Black "Mihajlovskij"]
[Result "1-0"]
[WhiteElo "2495"]
[BlackElo "2214"]
[TimeControl "180+1"]
[EndTime "8:16:19 PST"]
[Termination "m_ezat won by resignation"]

1. d4 Nf6 2. c4 g6 3. Nc3 Bg7 4. e4 O-O 5. Be2 d6 6. Bg5 h6 7. Be3 Na6 8. Qd2 Kh7 9. h4 c5 10. d5 e6 11. Bg5 Rh8 12. g4 hxg5 13. hxg5+ Kg8 14. Rxh8+ Bxh8 15. gxf6 Bxf6 16. Nf3 exd5 17. Nxd5 Be6 18. Nf4 Qe7 19. Nxe6 Qxe6 20. g5 Bg7 21. a3 Qxe4 22. O-O-O Rd8 23. Nh2 Be5 24. Ng4 Bf4 25.
Nf6+ Kg7 26. Nxe4 Bxd2+ 27. Rxd2 1-0

[Event "Early-Titled-Tuesday-Blitz-January-16-2024"]
[Site "Chess.com"]
[Date "2024.01.16"]
[Round "2"]
[White "TheNextLevelFan"]
[Black "mbchess97"]
[Result "1-0"]
[WhiteElo "2602"]
[BlackElo "2295"]
[TimeControl "180+1"]
[EndTime "8:16:20 PST"]
[Termination "TheNextLevelFan won by resignation"]

1. e4 c5 2. c3 Nf6 3. e5 Nd5 4. Nf3 d6 5. d4 cxd4 6. cxd4 e6 7. Bc4 Nb6 8. Bd3 Nc6 9. O-O Qc7 10. Qe2 Nb4 11. Nc3 Nxd3 12. Qxd3 a6 13. Bf4 Qc4 14. Qd2 d5 15. Rac1 Bb4 16. Qe3 Bxc3 17. Rxc3 Qxa2 18.
Nd2 Qa4 19. Qg3 g6 20. Rfc1 Bd7 21. Qg5 Bb5 22. Qf6 Rg8 23. Bg5 Qb4 24. Rc5 Kf8 25.
Rc7 Nd7 26. Rc8+ 1-0

[Event "Early-Titled-Tuesday-Blitz-January-16-2024"]
[Site "Chess.com"]
[Date "2024.01.16"]
[Round "2"]
[White "DarZay"]
[Black "CSB7"]
[Result "0-1"]
[WhiteElo "2249"]
[BlackElo "2694"]
[TimeControl "180+1"]
[EndTime "8:16:21 PST"]
[Termination "CSB7 won by resignation"]

1. e4 Nf6 2. e5 Nd5 3. d4 d6 4.
c4 Nb6 5. Nf3 Bg4 6. Be2 e6 7.
Nc3 Be7 8. O-O O-O 9. b3 Nc6 10.
exd6 cxd6 11. d5 exd5 12. Nxd5 Nxd5 13. Qxd5 Bf6 14. Rb1 Nb4 15. Qxb7 Nxa2 16. Bb2 Bxb2 17. Rxb2 Nc3 18. Bd3 Rb8 19. Qc6 Rb6 20. Qxb6 axb6 21. Rc1 Bxf3 22. gxf3 Qg5+ 0-1

[Event "Early-Titled-Tuesday-Blitz-January-16-2024"]
[Site "Chess.com"]
[Date "2024.01.16"]
[Round "2"]
[White "Dewarfd"]
[Black "SHIVACalypso"]
[Result "0-1"]
[WhiteElo "2148"]
[BlackElo "2466"]
[TimeControl "180+1"]
[EndTime "8:16:21 PST"]
[Termination "SHIVACalypso won on time"]

1. c4 e5 2. g3 Nc6 3. Bg2 g6 4.
Nc3 Bg7 5. d3 Nf6 6. Nf3 d6 7. O-O O-O 8. Rb1 a5 9. a3 h6 10. b4 axb4 11. axb4 Be6 12. b5 Ne7 13.
Nd2 Rb8 14. b6 c6 15. Ba3 Qd7 16. Nde4 Nxe4 17. Nxe4 c5 18. Qb3 Nc6 19. e3 f5 20.
Nc3 f4 21. Rfd1 f3 22. Bh1 h5 23. Ne4 h4 24. Ng5 Bg4 25. d4 exd4 26. exd4 Nxd4 27. Rxd4 Bxd4 28. Nxf3 Qf5 0-1

[Event "Early-Titled-Tuesday-Blitz-January-16-2024"]
[Site "Chess.com"]
[Date "2024.01.16"]
[Round "2"]
[White "AlexLongson"]
[Black "Marcin"]
[Result "0-1"]
[WhiteElo "2198"]
[BlackElo "2499"]
[TimeControl "180+1"]
[EndTime "8:16:23 PST"]
[Termination "Marcin won by resignation"]

1. e4 e5 2. Nf3 Nf6 3. Nxe5 d6 4. Nf3 Nxe4 5. c4 c6 6. Nc3 Nxc3 7. dxc3 Be7 8. Bf4 O-O 9. Qd2 Nd7 10. O-O-O Nc5 11. Qc2 Bg4 12. Bd3 g6 13. h3 Bxf3 14. gxf3 Bg5 15.
Bxg5 Qxg5+ 16. Kb1 Rfe8 17. h4 Qh5 18. Rdg1 Qxf3 19.
Bxg6 fxg6 20. Rxg6+ Kh8 21. Rxd6 Qxh1+ 0-1

[Event "Early-Titled-Tuesday-Blitz-January-16-2024"]
[Site "Chess.com"]
[Date "2024.01.16"]
[Round "2"]
[White "BogdanDeac"]
[Black "TangerineandLemon25"]
[Result "1-0"]
[WhiteElo "3035"]
[BlackElo "2643"]
[TimeControl "180+1"]
[EndTime "8:16:24 PST"]
[Termination "BogdanDeac won by resignation"]

1. b3 d5 2. Bb2 Nf6 3. e3 Bf5 4. c4 e6 5. cxd5 exd5 6. Qf3 Bxb1 7. Rxb1 Nbd7 8. Ne2 Bd6 9. Nd4 O-O 10. Nf5 Be5 11. Bxe5 Nxe5 12. Qg3 Ng6 13. Bd3 Ne4 14. Bxe4 dxe4 15.
Qg4 Qd3 16. Rd1 Qd5 17. Qxg6 Qxd2+ 18. Rxd2 hxg6 19. Ne7+ Kh7 20. Nd5 c6 21. Nc3 f5 22.
Rd7 Rfd8 23. Rxb7 Rd3 24. Ne2 Rad8 25. O-O Rd2 26. Nd4 Rxa2 27. Nxc6 Rdd2 28. Rxa7 Rxa7 29. Nxa7 Rb2 30. h4 Rxb3 31. g3 Kh6 32. Nc6 Rc3 33.
Nd4 Rc5 34. Ra1 Kh5 35. Kg2 Rd5 36. Ra6 Rd7 37. Ne6 1-0

[Event "Early-Titled-Tuesday-Blitz-January-16-2024"]
[Site "Chess.com"]
[Date "2024.01.16"]
[Round "2"]
[White "topce"]
[Black "aloe_normansen"]
[Result "1-0"]
[WhiteElo "2367"]
[BlackElo "2581"]
[TimeControl "180+1"]
[EndTime "8:16:26 PST"]
[Termination "topce won by resignation"]

1. e4 c5 2. Nf3 d6 3. Nc3 Nf6 4. d4 cxd4 5. Nxd4 a6 6. Bd3 e6 7.
O-O Be7 8. Nde2 O-O 9. Ng3 Nc6 10. f4 b5 11. a3 Bb7 12. Nh5 Nxh5 13. Qxh5 g6 14. Qh6 Bf6 15. Be3 Bg7 16. Qh3 f5 17. g4 fxg4 18. Qxg4 Qe7 19. f5 Ne5 20. Qh3 exf5 21.
Rae1 fxe4 22. Bxe4 Bxe4 23. Nxe4 Nc4 24. Bg5 Qa7+ 25.
Kh1 Qb7 26. Qg2 Bxb2 27. Nf6+ Bxf6 28. Qxb7 Bxg5 29. Qd5+ Kg7 30. Qxg5 Ne5 31. Qe7+ Nf7 32. Qf6+ Kg8 33. Re7 1-0